AoeStats
← Dachin

Arabia

508406162Analyzed
1v1 RM · 9d ago on Sep 22, 2026· 61m 12s· 2 players
Game mode
Random Map
Map size
Tiny (2 player)
Population
200
Speed
Normal
Resources
Standard
Victory
Conquest
Starting age
Dark Age
Ending age
Imperial Age
RankedLock teamsTeams togetherTeam positionsShared explorationLock speedFull tech treeHidden civsTurbo modeCheats
Victory
Defeat
🇦🇺 Inca · Australia
1185
+16
🇨🇳 Huns · China
1181
-16
Dachin
7:33 Loom
10:21 Feudal Age
10:38 Man-at-Arms
12:27 Arson
19:49 Horse Collar
22:58 Castle Age
21:21 Gold Mining
21:54 Bloodlines
22:13 Fletching
22:34 Scale Barding Armor
28:33 Bodkin Arrow
28:42 Padded Archer Armor
39:46 Stone Mining
40:35 Gold Shaft Mining
44:09 Imperial Age
44:40 Leather Archer Armor
44:36 Forging
44:47 Chain Barding Armor
45:16 Conscription
45:19 Husbandry
45:43 Cavalier
45:48 Elite Skirmisher
52:43 Light Cavalry
56:33 Town Watch
mayukhr18
6:31 Loom
9:14 Feudal Age
12:39 Double-Bit Axe
16:01 Town Watch
18:07 Fletching
22:11 Castle Age
22:22 Padded Archer Armor
22:25 Crossbowman
23:20 Bodkin Arrow
25:52 Bow Saw
25:23 Horse Collar
25:37 Town Watch
29:03 Elite Skirmisher
30:24 Leather Archer Armor
37:49 Ballistics
39:08 Heavy Plow
41:55 Thumb Ring
45:35 Wheelbarrow
44:54 Gold Mining
47:06 Andean Sling
51:22 Imperial Age
51:48 Hand Cart
52:14 Arbalester
52:56 Bracer
53:02 Pikeman
55:49 Forging
55:39 Scale Mail Armor
55:49 Squires
62:02 Conscription
Connection lost

Rejoining the realm…

Still unreachable

The connection could not be restored.

Session expired

The server has moved on; the page needs a fresh start.